Golden Knights vs Oilers

Created - 27 novembre 2020 at 20:48

Goals
1 2 3 OT1 SO T
Golden Knights 1 3 0 0 2 5
Oilers 1 2 1 0 0 4
Shots
1 2 3 OT1 SO T
Golden Knights 7 11 11 5 3 34
Oilers 9 12 9 4 2 34

1st period

1. Oilers , Brent Burns 4 (Evander Kane 7, Gustav Nyquist 3) at 0:34
2. Golden Knights , Claude Giroux 6 (Zach Werenski 8, Mathew Barzal 4) at 17:09

Penalties :
Mathew Dumba (VGK) for High sticking (Minor) at 2:21, Vladislav Gavrikov (EDM) for Hooking (Minor) at 5:35, Nikita Zaitsev (VGK) for Roughing (Minor) at 7:41, Barclay Goodrow (EDM) for Holding (Minor) at 8:01, Evander Kane (EDM) for Tripping (Minor) at 10:12, Marcus Foligno (VGK) for Holding (Minor) at 10:12

2nd period

3. Golden Knights , Tomas Hertl 5 (Miro Heiskanen 8) at 1:51
4. Oilers , Justin Braun 1 (Adam Lowry 1, Nick Cousins 2) at 2:09
5. Golden Knights , Jake Guentzel 6 (Tomas Hertl 11) at 2:13
6. Oilers , Barclay Goodrow 2 (Jason Zucker 5, Ryan Johansen 6) at 9:50
7. Golden Knights , Mathew Barzal 5 (Claude Giroux 6, Zach Werenski 9) at 13:22 (PP)

Penalties :
Jake Guentzel (VGK) for Hooking (Minor) at 5:45, Jacob Trouba (EDM) for High sticking (Minor) at 10:05, Jacob Trouba (EDM) for Cross-checking (Minor) at 12:15, Evander Kane (EDM) for Slashing (Minor) at 18:28

3rd period

8. Oilers , Brent Burns 5 (Barclay Goodrow 2, Jacob Trouba 10) at 18:17 (PP)

Penalties :
Miro Heiskanen (VGK) for Boarding (Minor) at 1:31, Evander Kane (EDM) for Interference (Minor) at 4:51, Mathew Dumba (VGK) for Slashing (Minor) at 12:11, Mathew Dumba (VGK) for Goalie Interference (Minor) at 18:05

Overtime #1

No Goal

Penalties :
No Penalty

Shootout

Golden Knights, Anthony Beauvillier - Stopped by Robin Lehner
Oilers, Ryan Getzlaf - Stopped by Semyon Varlamov
Golden Knights, Jake Guentzel - Goal!
Oilers, Evander Kane - Shot Misses the Net
Golden Knights, Alex Steen - Goal!

Penalties :
No Penalty

Goalie Stats

Semyon Varlamov (VGK), 30 saves from 34 shots - (0,882), W, 6-7-0, 65:00 minutes
Robin Lehner (EDM), 30 saves from 34 shots - (0,882), OTL, 6-3-2, 65:00 minutes

Players Stats for Golden Knights

Player Name              G  A  P  +/- PIM S  H  SB GA TA FO     MP     PP MP  PK MP  
------------------------------------------------------------------------------------
Alex Steen               0  0  0  -1  0   1  0  1  0  0  0/1     9:35   0:00   5:17 
Anthony Beauvillier      0  0  0   1  0   1  1  1  0  0  0/1    14:37   0:00   0:38 
Artemi Panarin           0  0  0   1  0   4  1  1  0  0  1/2    22:58   4:37   0:38 
Calle Jarnkrok           0  0  0  -1  0   1  1  0  0  0  0/1     6:31   0:00   0:00 
Claude Giroux            1  1  2   1  0   2  2  0  0  0  4/5    21:41   4:46   0:00 
Devon Toews              0  0  0  -1  0   0  1  0  0  0  0/0    17:23   0:00   3:12 
Jake Guentzel            1  0  1   1  2   5  2  0  0  0  0/1    22:57   4:37   0:00 
Marcus Foligno           0  0  0  -1  2   1  1  0  0  0  0/0     6:50   0:00   2:33 
Mathew Barzal            1  1  2   1  0   5  1  1  0  0  17/38  21:33   4:46   0:00 
Mathew Dumba             0  0  0   0  6   1  1  2  0  0  0/0    17:56   4:42   1:03 
Miro Heiskanen           0  1  1   1  2   2  0  0  0  0  0/0    23:42   4:42   3:17 
Nico Hischier            0  0  0  -1  0   4  0  0  0  0  6/11   13:50   4:46   2:33 
Nikita Zaitsev           0  0  0  -1  2   0  4  2  0  0  0/0    13:07   0:00   0:40 
Riley Sheahan            0  0  0  -1  0   0  0  1  0  0  6/18    9:35   0:00   5:17 
Tomas Hertl              1  1  2   1  0   5  4  0  0  0  14/25  21:14   4:37   0:00 
Tyson Barrie             0  0  0   1  0   0  2  1  0  0  0/0    25:41   4:41   4:08 
Viktor Arvidsson         0  0  0  -1  0   0  0  0  0  0  1/1     6:31   0:00   0:00 
Zach Werenski            0  2  2   0  0   2  1  3  0  0  0/0    27:06   4:41   4:36 

Players Stats for Oilers

Player Name              G  A  P  +/- PIM S  H  SB GA TA FO     MP     PP MP  PK MP  
------------------------------------------------------------------------------------
Adam Lowry               0  1  1   1  0   0  0  0  0  0  11/19  12:31   0:00   5:53 
Barclay Goodrow          1  1  2   1  2   3  2  1  0  0  0/0    18:53   3:39   5:12 
Brenden Dillon           0  0  0  -1  0   1  2  1  0  0  0/0    19:10   0:00   5:03 
Brent Burns              2  0  2   0  0   3  3  1  0  0  0/0    30:49   4:50   4:20 
Evander Kane             0  1  1  -1  6   7  4  1  0  0  2/4    22:33   4:48   0:00 
Gustav Nyquist           0  1  1  -1  0   0  0  0  0  0  1/1    18:51   4:48   0:00 
Jacob Trouba             0  1  1   0  4   0  5  0  0  0  0/0    24:51   4:50   0:00 
Jason Zucker             0  1  1   1  0   4  1  0  0  0  0/2    14:03   3:40   0:14 
Jean-Gabriel Pageau      0  0  0  -1  0   1  2  0  0  0  2/7    14:48   0:00   2:50 
Justin Braun             1  0  1   1  0   1  0  2  0  0  0/0    15:06   0:22   5:03 
Nick Cousins             0  1  1   1  0   2  0  0  0  0  0/1     8:03   0:00   2:50 
Pavel Buchnevich         0  0  0  -1  0   0  0  0  0  0  0/0    10:03   0:00   0:00 
Riley Nash               0  0  0   1  0   1  0  0  0  0  0/0     5:13   0:00   0:00 
Ryan Getzlaf             0  0  0  -1  0   3  0  1  0  0  22/42  23:46   4:48   0:00 
Ryan Johansen            0  1  1   1  0   2  1  0  0  0  16/25  16:21   3:40   0:00 
Travis Hamonic           0  0  0  -1  0   0  1  2  0  0  0/0    18:27   0:00   4:20 
Vladislav Gavrikov       0  0  0   1  2   2  1  2  0  0  0/0    13:18   3:38   0:00 
Yanni Gourde             0  0  0  -1  0   4  1  0  0  0  1/3    15:06   3:16   1:47 

3 Stars

1 - Tomas Hertl (VGK)
2 - Brent Burns (EDM)
3 - Claude Giroux (VGK)

Power Play

Golden Knights - 1 on 6 Attempt(s) - 16,67%
Oilers - 1 on 6 Attempt(s) - 16,67%

Penalty Kill

Golden Knights - 5 on 6 Attempt(s) - 83,33% - Score 0 goal in Penalty Kill
Oilers - 5 on 6 Attempt(s) - 83,33% - Score 0 goal in Penalty Kill

Team Stat

Golden Knights - Hits : 22 - Faceoff Wins : 49 - Blocked Shots : 13 - Penalty Minutes : 14
Oilers - Hits : 23 - Faceoff Wins : 55 - Blocked Shots : 11 - Penalty Minutes : 14

Official

Referees : Jon McIsaac and Corey Syvret
Linesman : Mark Shewchyk and Derek Nansen

Game Notes

No Game Note

Finance

Level 1 -- Attendance: 6210 (95,54%) -- Ticket Income 757 620 $
Level 2 -- Attendance: 4690 (93,80%) -- Ticket Income 440 860 $
Level 3 -- Attendance: 2825 (80,71%) -- Ticket Income 211 875 $
Level 4 -- Attendance: 839 (100,00%) -- Ticket Income 61 247 $
Luxury Box -- Attendance: 995 (99,50%) -- Ticket Income 230 840 $
Game was played at the Rexall Place.
Total Attendance: 15559 (92,40%)
Total Ticket Income: 1 702 442 $
Other Income: 834 197 $
Total Income: 2 536 639 $

% Time on Ice - Golden Knights

Lines # - Real PCT - Wanted PCT - Time Play
Normal Forward
1 - 36% - 36% - 13:43
2 - 36% - 36% - 13:59
3 - 17% - 20% - 6:31
4 - 11% - 8% - 4:18
Normal Defense
1 - 32% - 35% - 12:14
2 - 33% - 35% - 12:51
3 - 32% - 20% - 12:28
4 - 3% - 10% - 0:58
PP Forward
1 - 49% - 50% - 4:37
2 - 51% - 50% - 4:46
PP Defense
1 - 50% - 50% - 4:41
2 - 50% - 50% - 4:42
PK Forward
1 - 70% - 60% - 5:55
2 - 30% - 40% - 2:33
PK Defense
1 - 62% - 60% - 5:16
2 - 38% - 40% - 3:12
PK3 Forward
1 - 0% - 60%
2 - 0% - 40%
PK3 Defense
1 - 0% - 65%
2 - 0% - 35%
44 Forward
1 - 53% - 60% - 1:56
2 - 47% - 40% - 1:42
44 Defense
1 - 53% - 60% - 1:55
2 - 47% - 40% - 1:43
Last Minute Offensive  - 0:00
Last Minute Defensive  - 0:00
Total
Forward - 60:00
Defense - 60:00

% Time on Ice - Oilers

Lines # - Real PCT - Wanted PCT - Time Play
Normal Forward
1 - 36% - 40% - 14:03
2 - 26% - 30% - 9:59
3 - 24% - 20% - 9:16
4 - 14% - 10% - 5:13
Normal Defense
1 - 41% - 40% - 15:51
2 - 33% - 30% - 12:35
3 - 25% - 20% - 9:41
4 - 1% - 10% - 0:24
PP Forward
1 - 57% - 60% - 4:48
2 - 43% - 40% - 3:40
PP Defense
1 - 57% - 60% - 4:50
2 - 43% - 40% - 3:38
PK Forward
1 - 70% - 60% - 6:33
2 - 30% - 40% - 2:50
PK Defense
1 - 54% - 60% - 5:03
2 - 46% - 40% - 4:20
PK3 Forward
1 - 0% - 60%
2 - 0% - 40%
PK3 Defense
1 - 0% - 60%
2 - 0% - 40%
44 Forward
1 - 72% - 60% - 2:38
2 - 28% - 40% - 1:00
44 Defense
1 - 58% - 60% - 2:06
2 - 42% - 40% - 1:32
Last Minute Offensive  - 0:00
Last Minute Defensive  - 0:00
Total
Forward - 60:00
Defense - 60:00

Play-by-Play

1st period


0:01 of 1st period - Artemi Panarin wins face-off versus Evander Kane in neutral zone.
0:05 of 1st period - Tomas Hertl is hit by Jacob Trouba and loses puck.
0:11 of 1st period - Brent Burns is hit by Artemi Panarin and loses puck.
0:26 of 1st period - Shot by Ryan Getzlaf.
0:26 of 1st period - Shot Misses the Net.
0:28 of 1st period - Shot by Evander Kane.
0:28 of 1st period - Shot Hit the Post.
0:30 of 1st period - Shot by Gustav Nyquist.
0:30 of 1st period - Shot Misses the Net.
0:32 of 1st period - Shot by Evander Kane.
0:32 of 1st period - Shot Misses the Net.
0:34 of 1st period - Shot by Brent Burns.
0:34 of 1st period - Goal by Brent Burns - Golden Knights : 0 - Oilers : 1.
0:35 of 1st period - Ryan Johansen wins face-off versus Mathew Barzal in neutral zone.
0:40 of 1st period - Shot by Brenden Dillon.
0:40 of 1st period - Stopped by Semyon Varlamov with a rebound.
1:23 of 1st period - Icing by Brenden Dillon.
1:24 of 1st period - Ryan Johansen wins face-off versus Nico Hischier in Oilers zone.
2:03 of 1st period - Shot by Yanni Gourde.
2:03 of 1st period - Shot Blocked by Nikita Zaitsev.
2:05 of 1st period - Shot by Jean-Gabriel Pageau.
2:05 of 1st period - Deflect By Yanni Gourde.
2:05 of 1st period - Stopped by Semyon Varlamov without a rebound.
2:06 of 1st period - Tomas Hertl wins face-off versus Ryan Getzlaf in Golden Knights zone.
2:17 of 1st period - Evander Kane is hit by Tomas Hertl and loses puck.
2:21 of 1st period - Minor Penalty to Mathew Dumba for High sticking.
2:22 of 1st period - Evander Kane wins face-off versus Riley Sheahan in Golden Knights zone.
2:35 of 1st period - Shot by Ryan Getzlaf.
2:35 of 1st period - Stopped by Semyon Varlamov without a rebound.
2:36 of 1st period - Ryan Johansen wins face-off versus Riley Sheahan in Golden Knights zone.
2:37 of 1st period - Shot by Jason Zucker.
2:37 of 1st period - Stopped by Semyon Varlamov without a rebound.
2:38 of 1st period - Ryan Johansen wins face-off versus Riley Sheahan in Golden Knights zone.
3:09 of 1st period - Shot by Brent Burns.
3:09 of 1st period - Shot Misses the Net.
3:55 of 1st period - Shot by Evander Kane.
3:55 of 1st period - Deflect By Gustav Nyquist.
3:55 of 1st period - Shot Blocked by Alex Steen.
4:11 of 1st period - Shot by Nico Hischier.
4:11 of 1st period - Stopped by Robin Lehner with a rebound.
4:13 of 1st period - Shot by Zach Werenski.
4:13 of 1st period - Shot Misses the Net.
4:15 of 1st period - Shot by Nico Hischier.
4:15 of 1st period - Deflect By Marcus Foligno.
4:15 of 1st period - Stopped by Robin Lehner without a rebound.
4:16 of 1st period - Ryan Johansen wins face-off versus Riley Sheahan in Oilers zone.
4:22 of 1st period - Icing by Jacob Trouba.
4:23 of 1st period - Adam Lowry wins face-off versus Mathew Barzal in Oilers zone.
4:23 of 1st period - Adam Lowry is hit by Claude Giroux.
4:30 of 1st period - Icing by Nikita Zaitsev.
4:31 of 1st period - Mathew Barzal wins face-off versus Ryan Johansen in Golden Knights zone.
4:31 of 1st period - Anthony Beauvillier is hit by Barclay Goodrow.
4:39 of 1st period - Shot by Anthony Beauvillier.
4:39 of 1st period - Stopped by Robin Lehner with a rebound.
4:49 of 1st period - Mathew Barzal is hit by Barclay Goodrow.
5:05 of 1st period - Anthony Beauvillier is hit by Brent Burns and loses puck.
5:35 of 1st period - Minor Penalty to Vladislav Gavrikov for Hooking.
5:36 of 1st period - Tomas Hertl wins face-off versus Adam Lowry in Oilers zone.
6:30 of 1st period - Shot by Nico Hischier.
6:30 of 1st period - Stopped by Robin Lehner without a rebound.
6:31 of 1st period - Nico Hischier wins face-off versus Adam Lowry in Oilers zone.
6:32 of 1st period - Shot by Tyson Barrie.
6:32 of 1st period - Shot Blocked by Justin Braun.
6:34 of 1st period - Shot by Zach Werenski.
6:34 of 1st period - Deflect By Claude Giroux.
6:34 of 1st period - Shot Misses the Net.
6:36 of 1st period - Shot by Zach Werenski.
6:36 of 1st period - Shot Misses the Net.
6:38 of 1st period - Shot by Nico Hischier.
6:38 of 1st period - Stopped by Robin Lehner without a rebound.
6:39 of 1st period - Adam Lowry wins face-off versus Mathew Barzal in Oilers zone.
6:52 of 1st period - Shot by Zach Werenski.
6:52 of 1st period - Shot Blocked by Justin Braun.
7:40 of 1st period - Gustav Nyquist is hit by Nikita Zaitsev.
7:41 of 1st period - Minor Penalty to Nikita Zaitsev for Roughing.
7:42 of 1st period - Ryan Getzlaf wins face-off versus Alex Steen in Golden Knights zone.
7:45 of 1st period - Shot by Evander Kane.
7:45 of 1st period - Shot Misses the Net.
8:00 of 1st period - Off-side.
8:01 of 1st period - Riley Sheahan wins face-off versus Ryan Johansen in neutral zone.
8:01 of 1st period - Minor Penalty to Barclay Goodrow for Holding.
8:02 of 1st period - Claude Giroux wins face-off versus Ryan Getzlaf in Oilers zone.
8:11 of 1st period - Shot by Claude Giroux.
8:11 of 1st period - Shot Misses the Net.
8:37 of 1st period - Shot by Claude Giroux.
8:37 of 1st period - Shot Misses the Net.
8:39 of 1st period - Shot by Claude Giroux.
8:39 of 1st period - Deflect By Jake Guentzel.
8:39 of 1st period - Stopped by Robin Lehner without a rebound.
8:40 of 1st period - Tomas Hertl wins face-off versus Ryan Johansen in Oilers zone.
8:57 of 1st period - Shot by Artemi Panarin.
8:57 of 1st period - Shot Misses the Net.
9:06 of 1st period - Jean-Gabriel Pageau is hit by Devon Toews and loses puck.
9:13 of 1st period - Shot by Jean-Gabriel Pageau.
9:13 of 1st period - Stopped by Semyon Varlamov with a rebound.
10:04 of 1st period - Shot by Nick Cousins.
10:04 of 1st period - Stopped by Semyon Varlamov with a rebound.
10:06 of 1st period - Shot by Riley Nash.
10:06 of 1st period - Stopped by Semyon Varlamov without a rebound.
10:07 of 1st period - Ryan Getzlaf wins face-off versus Riley Sheahan in Golden Knights zone.
10:07 of 1st period - Ryan Getzlaf is hit by Mathew Dumba.
10:12 of 1st period - Minor Penalty to Evander Kane for Tripping.
10:12 of 1st period - Minor Penalty to Marcus Foligno for Holding.
10:13 of 1st period - Ryan Getzlaf wins face-off versus Jake Guentzel in neutral zone.
10:34 of 1st period - Shot by Adam Lowry.
10:34 of 1st period - Shot Blocked by Zach Werenski.
10:36 of 1st period - Shot by Jacob Trouba.
10:36 of 1st period - Shot Misses the Net.
10:38 of 1st period - Shot by Jacob Trouba.
10:38 of 1st period - Shot Misses the Net.
12:00 of 1st period - Off-side.
12:01 of 1st period - Ryan Getzlaf wins face-off versus Claude Giroux in neutral zone.
12:10 of 1st period - Shot by Jason Zucker.
12:10 of 1st period - Stopped by Semyon Varlamov without a rebound.
12:11 of 1st period - Ryan Getzlaf wins face-off versus Mathew Barzal in Golden Knights zone.
12:19 of 1st period - Icing by Mathew Dumba.
12:20 of 1st period - Nico Hischier wins face-off versus Ryan Getzlaf in Golden Knights zone.
12:20 of 1st period - Nico Hischier is hit by Evander Kane.
12:26 of 1st period - Evander Kane is hit by Calle Jarnkrok and loses puck.
12:56 of 1st period - Off-side.
12:57 of 1st period - Tomas Hertl wins face-off versus Jean-Gabriel Pageau in neutral zone.
13:39 of 1st period - Shot by Tomas Hertl.
13:39 of 1st period - Shot Misses the Net.
13:48 of 1st period - Jean-Gabriel Pageau is hit by Tyson Barrie and loses puck.
14:21 of 1st period - Off-side.
14:22 of 1st period - Ryan Getzlaf wins face-off versus Mathew Barzal in neutral zone.
14:25 of 1st period - Shot by Gustav Nyquist.
14:25 of 1st period - Shot Blocked by Zach Werenski.
14:47 of 1st period - Icing by Vladislav Gavrikov.
14:48 of 1st period - Nico Hischier wins face-off versus Ryan Getzlaf in Oilers zone.
16:06 of 1st period - Icing by Brent Burns.
16:07 of 1st period - Tomas Hertl wins face-off versus Jason Zucker in Oilers zone.
16:08 of 1st period - Shot by Artemi Panarin.
16:08 of 1st period - Shot Misses the Net.
16:15 of 1st period - Ryan Johansen is hit by Tyson Barrie.
16:37 of 1st period - Shot by Tomas Hertl.
16:37 of 1st period - Shot Misses the Net.
16:47 of 1st period - Shot by Yanni Gourde.
16:47 of 1st period - Shot Misses the Net.
17:09 of 1st period - Shot by Claude Giroux.
17:09 of 1st period - Goal by Claude Giroux - Golden Knights : 1 - Oilers : 1.
17:10 of 1st period - Mathew Barzal wins face-off versus Ryan Getzlaf in neutral zone.
17:15 of 1st period - Shot by Claude Giroux.
17:15 of 1st period - Shot Misses the Net.
17:17 of 1st period - Shot by Mathew Barzal.
17:17 of 1st period - Deflect By Anthony Beauvillier.
17:17 of 1st period - Shot Blocked by Ryan Getzlaf.
17:34 of 1st period - Icing by Zach Werenski.
17:35 of 1st period - Mathew Barzal wins face-off versus Adam Lowry in Golden Knights zone.
17:41 of 1st period - Icing by Anthony Beauvillier.
17:42 of 1st period - Ryan Johansen wins face-off versus Mathew Barzal in Golden Knights zone.
18:02 of 1st period - Shot by Mathew Barzal.
18:02 of 1st period - Shot Misses the Net.
18:15 of 1st period - Icing by Zach Werenski.
18:16 of 1st period - Ryan Getzlaf wins face-off versus Mathew Barzal in Golden Knights zone.
18:59 of 1st period - Shot by Artemi Panarin.
18:59 of 1st period - Shot Misses the Net.
19:07 of 1st period - Icing by Tyson Barrie.
19:08 of 1st period - Tomas Hertl wins face-off versus Ryan Johansen in Golden Knights zone.
19:13 of 1st period - Shot by Jake Guentzel.
19:13 of 1st period - Shot Misses the Net.
19:16 of 1st period - Icing by Brent Burns.
19:17 of 1st period - Nico Hischier wins face-off versus Ryan Johansen in Oilers zone.
19:17 of 1st period - Devon Toews is hit by Jacob Trouba and loses puck.
19:24 of 1st period - Nikita Zaitsev is hit by Jason Zucker.
19:25 of 1st period - Icing by Nikita Zaitsev.
19:26 of 1st period - Viktor Arvidsson wins face-off versus Jean-Gabriel Pageau in Golden Knights zone.
Goals for this period are 1 for Golden Knights vs 1 for Oilers.
Shots for this period are 7 for Golden Knights vs 9 for Oilers.

2nd period


0:01 of 2nd period - Tomas Hertl wins face-off versus Ryan Getzlaf in neutral zone.
0:01 of 2nd period - Tomas Hertl is hit by Evander Kane.
0:33 of 2nd period - Shot by Tomas Hertl.
0:33 of 2nd period - Stopped by Robin Lehner without a rebound.
0:34 of 2nd period - Ryan Johansen wins face-off versus Mathew Barzal in Oilers zone.
1:03 of 2nd period - Shot by Claude Giroux.
1:03 of 2nd period - Shot Misses the Net.
1:25 of 2nd period - Shot by Adam Lowry.
1:25 of 2nd period - Deflect By Nick Cousins.
1:25 of 2nd period - Stopped by Semyon Varlamov without a rebound.
1:26 of 2nd period - Ryan Getzlaf wins face-off versus Artemi Panarin in Golden Knights zone.
1:38 of 2nd period - Evander Kane is hit by Tomas Hertl and loses puck.
1:49 of 2nd period - Shot by Tomas Hertl.
1:49 of 2nd period - Shot Misses the Net.
1:51 of 2nd period - Shot by Tomas Hertl.
1:51 of 2nd period - Goal by Tomas Hertl - Golden Knights : 2 - Oilers : 1.
1:52 of 2nd period - Adam Lowry wins face-off versus Riley Sheahan in neutral zone.
2:07 of 2nd period - Shot by Nick Cousins.
2:07 of 2nd period - Deflect By Adam Lowry.
2:07 of 2nd period - Shot Misses the Net.
2:09 of 2nd period - Shot by Justin Braun.
2:09 of 2nd period - Goal by Justin Braun - Golden Knights : 2 - Oilers : 2.
2:10 of 2nd period - Tomas Hertl wins face-off versus Ryan Getzlaf in neutral zone.
2:13 of 2nd period - Shot by Jake Guentzel.
2:13 of 2nd period - Goal by Jake Guentzel - Golden Knights : 3 - Oilers : 2.
2:14 of 2nd period - Ryan Getzlaf wins face-off versus Tomas Hertl in neutral zone.
2:26 of 2nd period - Shot by Tomas Hertl.
2:26 of 2nd period - Deflect By Artemi Panarin.
2:26 of 2nd period - Stopped by Robin Lehner with a rebound.
2:36 of 2nd period - Shot by Gustav Nyquist.
2:36 of 2nd period - Deflect By Evander Kane.
2:36 of 2nd period - Shot Blocked by Tyson Barrie.
2:44 of 2nd period - Shot by Brent Burns.
2:44 of 2nd period - Stopped by Semyon Varlamov without a rebound.
2:45 of 2nd period - Jean-Gabriel Pageau wins face-off versus Mathew Barzal in Golden Knights zone.
2:52 of 2nd period - Shot by Yanni Gourde.
2:52 of 2nd period - Stopped by Semyon Varlamov with a rebound.
2:54 of 2nd period - Shot by Travis Hamonic.
2:54 of 2nd period - Shot Blocked by Mathew Dumba.
3:23 of 2nd period - Off-side.
3:24 of 2nd period - Ryan Getzlaf wins face-off versus Tomas Hertl in neutral zone.
3:33 of 2nd period - Shot by Artemi Panarin.
3:33 of 2nd period - Shot Blocked by Brent Burns.
3:39 of 2nd period - Shot by Tomas Hertl.
3:39 of 2nd period - Stopped by Robin Lehner with a rebound.
3:50 of 2nd period - Icing by Artemi Panarin.
3:51 of 2nd period - Tomas Hertl wins face-off versus Ryan Johansen in Golden Knights zone.
3:56 of 2nd period - Shot by Jake Guentzel.
3:56 of 2nd period - Stopped by Robin Lehner without a rebound.
3:57 of 2nd period - Mathew Barzal wins face-off versus Ryan Johansen in Oilers zone.
5:11 of 2nd period - Shot by Evander Kane.
5:11 of 2nd period - Stopped by Semyon Varlamov without a rebound.
5:12 of 2nd period - Adam Lowry wins face-off versus Tomas Hertl in Golden Knights zone.
5:27 of 2nd period - Adam Lowry is hit by Tomas Hertl and loses puck.
5:45 of 2nd period - Minor Penalty to Jake Guentzel for Hooking.
5:46 of 2nd period - Riley Sheahan wins face-off versus Ryan Getzlaf in Golden Knights zone.
6:42 of 2nd period - Off-side.
6:43 of 2nd period - Riley Sheahan wins face-off versus Ryan Johansen in neutral zone.
7:12 of 2nd period - Shot by Ryan Johansen.
7:12 of 2nd period - Stopped by Semyon Varlamov with a rebound.
7:47 of 2nd period - Off-side.
7:48 of 2nd period - Adam Lowry wins face-off versus Tomas Hertl in neutral zone.
9:17 of 2nd period - Icing by Nikita Zaitsev.
9:18 of 2nd period - Mathew Barzal wins face-off versus Ryan Getzlaf in Golden Knights zone.
9:26 of 2nd period - Shot by Ryan Getzlaf.
9:26 of 2nd period - Shot Misses the Net.
9:38 of 2nd period - Shot by Ryan Getzlaf.
9:38 of 2nd period - Shot Blocked by Anthony Beauvillier.
9:40 of 2nd period - Shot by Ryan Getzlaf.
9:40 of 2nd period - Stopped by Semyon Varlamov without a rebound.
9:41 of 2nd period - Ryan Johansen wins face-off versus Nico Hischier in Golden Knights zone.
9:50 of 2nd period - Shot by Barclay Goodrow.
9:50 of 2nd period - Goal by Barclay Goodrow - Golden Knights : 3 - Oilers : 3.
9:51 of 2nd period - Riley Sheahan wins face-off versus Ryan Getzlaf in neutral zone.
9:53 of 2nd period - Zach Werenski is hit by Brent Burns and loses puck.
10:03 of 2nd period - Marcus Foligno is hit by Jacob Trouba and loses puck.
10:05 of 2nd period - Minor Penalty to Jacob Trouba for High sticking.
10:06 of 2nd period - Adam Lowry wins face-off versus Tomas Hertl in Oilers zone.
10:35 of 2nd period - Shot by Tomas Hertl.
10:35 of 2nd period - Shot Misses the Net.
10:39 of 2nd period - Shot by Mathew Dumba.
10:39 of 2nd period - Stopped by Robin Lehner without a rebound.
10:40 of 2nd period - Mathew Barzal wins face-off versus Adam Lowry in Oilers zone.
10:47 of 2nd period - Shot by Claude Giroux.
10:47 of 2nd period - Shot Blocked by Brenden Dillon.
11:14 of 2nd period - Icing by Claude Giroux.
11:15 of 2nd period - Mathew Barzal wins face-off versus Adam Lowry in Golden Knights zone.
11:22 of 2nd period - Justin Braun is hit by Mathew Barzal and loses puck.
11:30 of 2nd period - Icing by Zach Werenski.
11:31 of 2nd period - Jean-Gabriel Pageau wins face-off versus Mathew Barzal in Golden Knights zone.
12:15 of 2nd period - Minor Penalty to Jacob Trouba for Cross-checking.
12:16 of 2nd period - Tomas Hertl wins face-off versus Jean-Gabriel Pageau in Oilers zone.
12:16 of 2nd period - Tomas Hertl is hit by Travis Hamonic.
12:36 of 2nd period - Shot by Artemi Panarin.
12:36 of 2nd period - Shot Misses the Net.
13:18 of 2nd period - Shot by Zach Werenski.
13:18 of 2nd period - Shot Blocked by Barclay Goodrow.
13:20 of 2nd period - Shot by Zach Werenski.
13:20 of 2nd period - Stopped by Robin Lehner with a rebound.
13:22 of 2nd period - Shot by Claude Giroux.
13:22 of 2nd period - Deflect By Mathew Barzal.
13:22 of 2nd period - Goal by Mathew Barzal - Golden Knights : 4 - Oilers : 3.
13:23 of 2nd period - Ryan Getzlaf wins face-off versus Riley Sheahan in neutral zone.
13:25 of 2nd period - Brent Burns is hit by Nikita Zaitsev and loses puck.
13:35 of 2nd period - Icing by Nikita Zaitsev.
13:36 of 2nd period - Riley Sheahan wins face-off versus Yanni Gourde in Golden Knights zone.
13:36 of 2nd period - Riley Sheahan is hit by Jean-Gabriel Pageau.
14:43 of 2nd period - Shot by Evander Kane.
14:43 of 2nd period - Stopped by Semyon Varlamov without a rebound.
14:44 of 2nd period - Ryan Johansen wins face-off versus Mathew Barzal in Golden Knights zone.
14:45 of 2nd period - Shot by Jason Zucker.
14:45 of 2nd period - Stopped by Semyon Varlamov with a rebound.
14:47 of 2nd period - Shot by Jason Zucker.
14:47 of 2nd period - Stopped by Semyon Varlamov without a rebound.
14:48 of 2nd period - Ryan Johansen wins face-off versus Tomas Hertl in Golden Knights zone.
14:57 of 2nd period - Shot by Jake Guentzel.
14:57 of 2nd period - Shot Misses the Net.
14:59 of 2nd period - Shot by Artemi Panarin.
14:59 of 2nd period - Stopped by Robin Lehner without a rebound.
15:00 of 2nd period - Ryan Getzlaf wins face-off versus Mathew Barzal in Oilers zone.
15:29 of 2nd period - Shot by Evander Kane.
15:29 of 2nd period - Stopped by Semyon Varlamov with a rebound.
16:01 of 2nd period - Barclay Goodrow is hit by Tomas Hertl and loses puck.
16:13 of 2nd period - Artemi Panarin is hit by Ryan Johansen.
16:16 of 2nd period - Tyson Barrie is hit by Brenden Dillon and loses puck.
17:22 of 2nd period - Shot by Calle Jarnkrok.
17:22 of 2nd period - Stopped by Robin Lehner without a rebound.
17:23 of 2nd period - Adam Lowry wins face-off versus Mathew Barzal in Oilers zone.
18:21 of 2nd period - Icing by Nikita Zaitsev.
18:22 of 2nd period - Ryan Getzlaf wins face-off versus Riley Sheahan in Golden Knights zone.
18:27 of 2nd period - Shot by Evander Kane.
18:27 of 2nd period - Shot Misses the Net.
18:28 of 2nd period - Minor Penalty to Evander Kane for Slashing.
18:29 of 2nd period - Yanni Gourde wins face-off versus Tomas Hertl in Oilers zone.
18:42 of 2nd period - Shot by Tomas Hertl.
18:42 of 2nd period - Shot Misses the Net.
18:44 of 2nd period - Shot by Tomas Hertl.
18:44 of 2nd period - Shot Misses the Net.
18:46 of 2nd period - Shot by Tomas Hertl.
18:46 of 2nd period - Shot Misses the Net.
18:48 of 2nd period - Shot by Zach Werenski.
18:48 of 2nd period - Shot Misses the Net.
18:50 of 2nd period - Shot by Artemi Panarin.
18:50 of 2nd period - Shot Misses the Net.
18:52 of 2nd period - Shot by Tomas Hertl.
18:52 of 2nd period - Shot Misses the Net.
18:54 of 2nd period - Shot by Tyson Barrie.
18:54 of 2nd period - Shot Misses the Net.
19:59 of 2nd period - Shot by Miro Heiskanen.
19:59 of 2nd period - Shot Misses the Net.
Goals for this period are 3 for Golden Knights vs 2 for Oilers.
Shots for this period are 11 for Golden Knights vs 12 for Oilers.

3rd period


0:01 of 3rd period - Adam Lowry wins face-off versus Mathew Barzal in neutral zone.
0:45 of 3rd period - Shot by Artemi Panarin.
0:45 of 3rd period - Shot Blocked by Vladislav Gavrikov.
0:55 of 3rd period - Shot by Jake Guentzel.
0:55 of 3rd period - Stopped by Robin Lehner without a rebound.
0:56 of 3rd period - Riley Sheahan wins face-off versus Yanni Gourde in Oilers zone.
1:05 of 3rd period - Shot by Marcus Foligno.
1:05 of 3rd period - Shot Misses the Net.
1:31 of 3rd period - Minor Penalty to Miro Heiskanen for Boarding.
1:32 of 3rd period - Ryan Getzlaf wins face-off versus Riley Sheahan in Golden Knights zone.
1:56 of 3rd period - Icing by Ryan Getzlaf.
1:57 of 3rd period - Ryan Getzlaf wins face-off versus Nico Hischier in Oilers zone.
2:12 of 3rd period - Shot by Vladislav Gavrikov.
2:12 of 3rd period - Stopped by Semyon Varlamov with a rebound.
2:14 of 3rd period - Shot by Vladislav Gavrikov.
2:14 of 3rd period - Shot Misses the Net.
3:25 of 3rd period - Shot by Ryan Getzlaf.
3:25 of 3rd period - Shot Blocked by Mathew Dumba.
3:27 of 3rd period - Shot by Vladislav Gavrikov.
3:27 of 3rd period - Stopped by Semyon Varlamov without a rebound.
3:28 of 3rd period - Nico Hischier wins face-off versus Ryan Getzlaf in Golden Knights zone.
4:32 of 3rd period - Nikita Zaitsev is hit by Yanni Gourde and loses puck.
4:40 of 3rd period - Icing by Devon Toews.
4:41 of 3rd period - Ryan Getzlaf wins face-off versus Tomas Hertl in Golden Knights zone.
4:44 of 3rd period - Shot by Evander Kane.
4:44 of 3rd period - Shot Blocked by Nikita Zaitsev.
4:46 of 3rd period - Shot by Ryan Getzlaf.
4:46 of 3rd period - Shot Misses the Net.
4:48 of 3rd period - Shot by Gustav Nyquist.
4:48 of 3rd period - Deflect By Evander Kane.
4:48 of 3rd period - Stopped by Semyon Varlamov without a rebound.
4:49 of 3rd period - Mathew Barzal wins face-off versus Ryan Getzlaf in Golden Knights zone.
4:51 of 3rd period - Minor Penalty to Evander Kane for Interference.
4:52 of 3rd period - Mathew Barzal wins face-off versus Adam Lowry in Oilers zone.
5:07 of 3rd period - Shot by Nico Hischier.
5:07 of 3rd period - Stopped by Robin Lehner with a rebound.
5:09 of 3rd period - Shot by Mathew Dumba.
5:09 of 3rd period - Shot Blocked by Travis Hamonic.
5:11 of 3rd period - Shot by Miro Heiskanen.
5:11 of 3rd period - Stopped by Robin Lehner without a rebound.
5:12 of 3rd period - Adam Lowry wins face-off versus Mathew Barzal in Oilers zone.
6:11 of 3rd period - Shot by Miro Heiskanen.
6:11 of 3rd period - Shot Blocked by Travis Hamonic.
6:13 of 3rd period - Shot by Miro Heiskanen.
6:13 of 3rd period - Stopped by Robin Lehner without a rebound.
6:14 of 3rd period - Tomas Hertl wins face-off versus Jean-Gabriel Pageau in Oilers zone.
6:33 of 3rd period - Justin Braun is hit by Jake Guentzel and loses puck.
6:42 of 3rd period - Shot by Artemi Panarin.
6:42 of 3rd period - Stopped by Robin Lehner without a rebound.
6:43 of 3rd period - Mathew Barzal wins face-off versus Nick Cousins in Oilers zone.
7:01 of 3rd period - Gustav Nyquist is hit by Nikita Zaitsev and loses puck.
7:12 of 3rd period - Shot by Marcus Foligno.
7:12 of 3rd period - Shot Misses the Net.
7:14 of 3rd period - Shot by Marcus Foligno.
7:14 of 3rd period - Shot Misses the Net.
7:16 of 3rd period - Shot by Alex Steen.
7:16 of 3rd period - Stopped by Robin Lehner without a rebound.
7:17 of 3rd period - Mathew Barzal wins face-off versus Jean-Gabriel Pageau in Oilers zone.
7:32 of 3rd period - Shot by Yanni Gourde.
7:32 of 3rd period - Stopped by Semyon Varlamov with a rebound.
7:34 of 3rd period - Shot by Justin Braun.
7:34 of 3rd period - Shot Misses the Net.
7:43 of 3rd period - Shot by Yanni Gourde.
7:43 of 3rd period - Stopped by Semyon Varlamov with a rebound.
7:57 of 3rd period - Shot by Claude Giroux.
7:57 of 3rd period - Shot Misses the Net.
8:10 of 3rd period - Jean-Gabriel Pageau is hit by Claude Giroux and loses puck.
8:19 of 3rd period - Miro Heiskanen is hit by Jean-Gabriel Pageau and loses puck.
8:29 of 3rd period - Off-side.
8:30 of 3rd period - Tomas Hertl wins face-off versus Evander Kane in neutral zone.
9:12 of 3rd period - Zach Werenski is hit by Jacob Trouba and loses puck.
9:22 of 3rd period - Icing by Brent Burns.
9:23 of 3rd period - Nico Hischier wins face-off versus Ryan Getzlaf in Oilers zone.
9:27 of 3rd period - Viktor Arvidsson is hit by Jacob Trouba and loses puck.
11:08 of 3rd period - Jean-Gabriel Pageau is hit by Marcus Foligno and loses puck.
11:45 of 3rd period - Shot by Claude Giroux.
11:45 of 3rd period - Stopped by Robin Lehner without a rebound.
11:46 of 3rd period - Adam Lowry wins face-off versus Tomas Hertl in Oilers zone.
11:46 of 3rd period - Adam Lowry is hit by Jake Guentzel.
12:02 of 3rd period - Shot by Adam Lowry.
12:02 of 3rd period - Shot Blocked by Artemi Panarin.
12:11 of 3rd period - Minor Penalty to Mathew Dumba for Slashing.
12:12 of 3rd period - Ryan Getzlaf wins face-off versus Riley Sheahan in Golden Knights zone.
12:39 of 3rd period - Shot by Ryan Getzlaf.
12:39 of 3rd period - Shot Misses the Net.
13:07 of 3rd period - Shot by Jason Zucker.
13:07 of 3rd period - Shot Hit the Post.
13:15 of 3rd period - Shot by Ryan Johansen.
13:15 of 3rd period - Stopped by Semyon Varlamov without a rebound.
13:16 of 3rd period - Ryan Johansen wins face-off versus Riley Sheahan in Golden Knights zone.
13:33 of 3rd period - Shot by Brent Burns.
13:33 of 3rd period - Shot Misses the Net.
13:35 of 3rd period - Shot by Jacob Trouba.
13:35 of 3rd period - Shot Misses the Net.
13:37 of 3rd period - Shot by Ryan Johansen.
13:37 of 3rd period - Shot Misses the Net.
13:39 of 3rd period - Shot by Jason Zucker.
13:39 of 3rd period - Shot Blocked by Riley Sheahan.
13:41 of 3rd period - Shot by Ryan Johansen.
13:41 of 3rd period - Shot Misses the Net.
14:01 of 3rd period - Shot by Evander Kane.
14:01 of 3rd period - Shot Misses the Net.
14:36 of 3rd period - Claude Giroux is hit by Brenden Dillon and loses puck.
14:39 of 3rd period - Shot by Mathew Barzal.
14:39 of 3rd period - Stopped by Robin Lehner without a rebound.
14:40 of 3rd period - Tomas Hertl wins face-off versus Ryan Getzlaf in Oilers zone.
14:40 of 3rd period - Tomas Hertl is hit by Vladislav Gavrikov.
14:52 of 3rd period - Shot by Tomas Hertl.
14:52 of 3rd period - Shot Blocked by Evander Kane.
14:54 of 3rd period - Shot by Tomas Hertl.
14:54 of 3rd period - Shot Misses the Net.
15:10 of 3rd period - Shot by Artemi Panarin.
15:10 of 3rd period - Shot Blocked by Vladislav Gavrikov.
15:44 of 3rd period - Off-side.
15:45 of 3rd period - Mathew Barzal wins face-off versus Jason Zucker in neutral zone.
16:45 of 3rd period - Mathew Barzal is hit by Brent Burns and loses puck.
16:54 of 3rd period - Icing by Nikita Zaitsev.
16:55 of 3rd period - Adam Lowry wins face-off versus Mathew Barzal in Golden Knights zone.
16:55 of 3rd period - Jacob Trouba is hit by Nikita Zaitsev and loses puck.
17:20 of 3rd period - Shot by Artemi Panarin.
17:20 of 3rd period - Stopped by Robin Lehner without a rebound.
17:21 of 3rd period - Ryan Getzlaf wins face-off versus Nico Hischier in Oilers zone.
17:28 of 3rd period - Nico Hischier is hit by Evander Kane and loses puck.
17:52 of 3rd period - Icing by Mathew Dumba.
17:53 of 3rd period - Ryan Johansen wins face-off versus Nico Hischier in Golden Knights zone.
17:57 of 3rd period - Barclay Goodrow is hit by Zach Werenski and loses puck.
18:05 of 3rd period - Minor Penalty to Mathew Dumba for Goalie Interference.
18:06 of 3rd period - Ryan Johansen wins face-off versus Riley Sheahan in Golden Knights zone.
18:13 of 3rd period - Shot by Barclay Goodrow.
18:13 of 3rd period - Shot Misses the Net.
18:15 of 3rd period - Shot by Brent Burns.
18:15 of 3rd period - Shot Blocked by Zach Werenski.
18:17 of 3rd period - Shot by Brent Burns.
18:17 of 3rd period - Goal by Brent Burns - Golden Knights : 4 - Oilers : 4.
18:18 of 3rd period - Evander Kane wins face-off versus Tomas Hertl in neutral zone.
18:32 of 3rd period - Shot by Tomas Hertl.
18:32 of 3rd period - Stopped by Robin Lehner without a rebound.
18:33 of 3rd period - Ryan Johansen wins face-off versus Mathew Barzal in Oilers zone.
18:51 of 3rd period - Shot by Jason Zucker.
18:51 of 3rd period - Shot Misses the Net.
18:53 of 3rd period - Shot by Barclay Goodrow.
18:53 of 3rd period - Stopped by Semyon Varlamov without a rebound.
18:54 of 3rd period - Tomas Hertl wins face-off versus Ryan Getzlaf in Golden Knights zone.
19:08 of 3rd period - Icing by Travis Hamonic.
19:09 of 3rd period - Gustav Nyquist wins face-off versus Mathew Barzal in Oilers zone.
19:09 of 3rd period - Gustav Nyquist is hit by Anthony Beauvillier.
19:29 of 3rd period - Mathew Barzal is hit by Evander Kane.
19:31 of 3rd period - Shot by Zach Werenski.
19:31 of 3rd period - Stopped by Robin Lehner without a rebound.
19:32 of 3rd period - Ryan Johansen wins face-off versus Calle Jarnkrok in Oilers zone.
19:53 of 3rd period - Shot by Ryan Johansen.
19:53 of 3rd period - Shot Misses the Net.
19:55 of 3rd period - Shot by Barclay Goodrow.
19:55 of 3rd period - Stopped by Semyon Varlamov without a rebound.
19:56 of 3rd period - Ryan Getzlaf wins face-off versus Anthony Beauvillier in Golden Knights zone.
Goals for this period are 0 for Golden Knights vs 1 for Oilers.
Shots for this period are 11 for Golden Knights vs 9 for Oilers.

Overtime #1


0:01 of 1st overtime period - Mathew Barzal wins face-off versus Ryan Getzlaf in neutral zone.
0:09 of 1st overtime period - Shot by Mathew Barzal.
0:09 of 1st overtime period - Stopped by Robin Lehner without a rebound.
0:10 of 1st overtime period - Ryan Getzlaf wins face-off versus Mathew Barzal in Oilers zone.
0:33 of 1st overtime period - Shot by Mathew Barzal.
0:33 of 1st overtime period - Stopped by Robin Lehner without a rebound.
0:34 of 1st overtime period - Mathew Barzal wins face-off versus Ryan Getzlaf in Oilers zone.
0:35 of 1st overtime period - Shot by Jake Guentzel.
0:35 of 1st overtime period - Stopped by Robin Lehner without a rebound.
0:36 of 1st overtime period - Ryan Getzlaf wins face-off versus Mathew Barzal in Oilers zone.
0:47 of 1st overtime period - Shot by Evander Kane.
0:47 of 1st overtime period - Stopped by Semyon Varlamov without a rebound.
0:48 of 1st overtime period - Mathew Barzal wins face-off versus Ryan Getzlaf in Golden Knights zone.
0:58 of 1st overtime period - Icing by Evander Kane.
0:59 of 1st overtime period - Ryan Getzlaf wins face-off versus Mathew Barzal in Oilers zone.
1:21 of 1st overtime period - Shot by Evander Kane.
1:21 of 1st overtime period - Shot Blocked by Mathew Barzal.
1:25 of 1st overtime period - Shot by Ryan Getzlaf.
1:25 of 1st overtime period - Stopped by Semyon Varlamov with a rebound.
1:27 of 1st overtime period - Shot by Evander Kane.
1:27 of 1st overtime period - Stopped by Semyon Varlamov without a rebound.
1:28 of 1st overtime period - Ryan Johansen wins face-off versus Tomas Hertl in Golden Knights zone.
1:51 of 1st overtime period - Shot by Jacob Trouba.
1:51 of 1st overtime period - Shot Misses the Net.
2:19 of 1st overtime period - Shot by Evander Kane.
2:19 of 1st overtime period - Stopped by Semyon Varlamov without a rebound.
2:20 of 1st overtime period - Mathew Barzal wins face-off versus Ryan Getzlaf in Golden Knights zone.
2:28 of 1st overtime period - Shot by Zach Werenski.
2:28 of 1st overtime period - Shot Misses the Net.
2:30 of 1st overtime period - Shot by Mathew Barzal.
2:30 of 1st overtime period - Stopped by Robin Lehner without a rebound.
2:31 of 1st overtime period - Mathew Barzal wins face-off versus Ryan Getzlaf in Oilers zone.
2:44 of 1st overtime period - Shot by Jake Guentzel.
2:44 of 1st overtime period - Shot Misses the Net.
2:46 of 1st overtime period - Shot by Mathew Barzal.
2:46 of 1st overtime period - Shot Misses the Net.
3:02 of 1st overtime period - Shot by Mathew Barzal.
3:02 of 1st overtime period - Shot Misses the Net.
3:35 of 1st overtime period - Shot by Artemi Panarin.
3:35 of 1st overtime period - Shot Hit the Post.
3:37 of 1st overtime period - Shot by Tomas Hertl.
3:37 of 1st overtime period - Stopped by Robin Lehner without a rebound.
3:38 of 1st overtime period - Claude Giroux wins face-off versus Ryan Johansen in Oilers zone.
3:43 of 1st overtime period - Shot by Artemi Panarin.
3:43 of 1st overtime period - Shot Misses the Net.
4:24 of 1st overtime period - Icing by Artemi Panarin.
4:25 of 1st overtime period - Claude Giroux wins face-off versus Adam Lowry in Golden Knights zone.
4:35 of 1st overtime period - Icing by Tyson Barrie.
4:36 of 1st overtime period - Claude Giroux wins face-off versus Adam Lowry in Golden Knights zone.
Goals for this period are 0 for Golden Knights vs 0 for Oilers.
Shots for this period are 5 for Golden Knights vs 4 for Oilers.

ShootOut


5:00 of 1st overtime period - Round #1.
5:00 of 1st overtime period - Golden Knights, Anthony Beauvillier.
5:00 of 1st overtime period - Stopped by Robin Lehner.
5:00 of 1st overtime period - Oilers, Ryan Getzlaf.
5:00 of 1st overtime period - Stopped by Semyon Varlamov.
5:00 of 1st overtime period - Round #2.
5:00 of 1st overtime period - Golden Knights, Jake Guentzel.
5:00 of 1st overtime period - Goal by Jake Guentzel.
5:00 of 1st overtime period - Oilers, Evander Kane.
5:00 of 1st overtime period - Shot Misses the Net.
5:00 of 1st overtime period - Round #3.
5:00 of 1st overtime period - Golden Knights, Alex Steen.
5:00 of 1st overtime period - Goal by Alex Steen.